 Dungeon Crawl Stone Soup version 0.28-a0-769-g550dbda0cd (webtiles) character file.

Game seed: 10653309922644775979

700 jasper the Slasher (level 7, -1/51 HPs)
             Began as a Demonspawn Artificer on Oct 31, 2021.
             Was a Follower of Okawaru.
             Killed from afar by an electric eel (3 damage)
             ... with a bolt of electricity
             ... on level 6 of the Dungeon.
             The game lasted 00:10:52 (8352 turns).

jasper the Slasher (Demonspawn Artificer)           Turns: 8352, Time: 00:10:53

Health: -1/51      AC:  5    Str: 12    XL:     7   Next: 38%
Magic:  9/9        EV: 11    Int: 13    God:    Okawaru [*.....]
Gold:   344        SH:  9    Dex: 21    Spells: 3/6 levels left

rFire   + . .      SeeInvis .   t - +0 rapier
rCold   + . .      Faith    .   (no shield)
rNeg    . . .      Spirit   .   x - +0 ring mail
rPois   +          Reflect  +   (helmet restricted)
rElec   +          Harm     .   (no cloak)
rCorr   +          Rampage  .   (no gloves)
Will    +....                   (no boots)
Stlth   +.........              f - amulet of reflection
HPRegen 0.17/turn               j - +6 ring of dexterity
MPRegen 0.11/turn               r - ring of willpower

@: resistant
A: horns 1, powered by death 3, condensation shield
a: Renounce Religion, Heroism


You were on level 6 of the Dungeon.
You worshipped Okawaru.
Okawaru was aware of your devotion.
You visited 2 branches of the dungeon, and saw 7 of its levels.

You collected 344 gold pieces.

Inventory:

Hand Weapons
 a - a +0 club
 c - a +0 flail
 n - a +0 whip
 p - a +0 trident
 t - a +0 rapier (weapon)
 D - a +0 falchion
Missiles
 g - 6 poisoned darts (quivered)
 i - 170 stones
 u - 3 boomerangs of dispersal
 B - 3 boomerangs
Armour
 b - a +0 leather armour
 k - a +0 scale mail
 x - a +0 ring mail (worn)
 z - a +0 chain mail
Jewellery
 f - an amulet of reflection (around neck)
 j - a +6 ring of dexterity (left hand)
 r - a ring of willpower (right hand)
 y - a ring of wizardry
Wands
 d - a wand of charming (14)
Scrolls
 w - 2 scrolls of teleportation
 A - a scroll of blinking
 E - a scroll of amnesia
Potions
 l - a potion of might {unknown}
 m - a potion of magic
 o - a potion of cancellation {unknown}
 s - a potion of berserk rage {unknown}
 v - 2 potions of flight {unknown}
Miscellaneous
 e - a piece from Xom's chessboard (12/15)


   Skills:
 - Level 2.4 Fighting
 + Level 5.8 Long Blades
 - Level 2.7 Armour
 - Level 2.1 Dodging
 - Level 0.8 Stealth
 - Level 3.0 Invocations
 - Level 3.0 Evocations


You had 3 spell levels left.
You knew the following spells:

 Your Spells              Type           Power      Damage    Failure   Level
a - Vampiric Draining     Necr           0%         2d6       90%         3

Your spell library contained the following spells:

 Spells                   Type           Power      Damage    Failure   Level
 Pain                     Necr           0%         1d4       56%         1
 Slow                     Hex            0%         N/A       56%         1
 Confusing Touch          Hex            0%         N/A       90%         3
 Yara's Violent Unravell  Hex/Tmut       0%         3d3       100%        5
 Animate Skeleton         Necr           Unusable   N/A       N/A         1

Dungeon Overview and Level Annotations

Branches:
Dungeon (6/15)             Temple (1/1) D:4

Altars:
Elyvilon
Kikubaaqudgha
Okawaru
Ru
Sif Muna
Trog
Uskayaw
Vehumet
Yredelemnul
The Shining One

Annotations:
D:3 1 runed translucent door, Crazy Yiuf
D:5 2 runed translucent doors, Pikel; jasper's ghost, amateur DsAr


Innate Abilities, Weirdness & Mutations

You have a pair of small horns on your head.
You regenerate a lot of health from kills.
A meltable shield of frost defends you. (SH +4)


Message History

The electric eel shoots out a bolt of lightning at you!
The bolt of electricity hits you. You resist.
* * * LOW HITPOINT WARNING * * *
You take 2 damage, and have 15/51 hp.
Throw: 3 boomerangs
Press: ? - help, Shift-Dir - straight line, f - electric eel
Aim: an electric eel (moderately wounded, 46% to hit)
Okay, then.
Throw: javelin
Press: ? - help, Q - select action, (/) - cycle Shift-Dir - straight line, f - electric eel
Aim: an electric eel (moderately wounded, 46% to hit)
You throw a javelin.
The javelin pierces through the electric eel!
The electric eel is severely wounded.
The javelin closely misses the electric eel.
Your hearing returns.
The electric eel shoots out a bolt of lightning at you!
The bolt of electricity hits you. You resist.
* * * LOW HITPOINT WARNING * * *
The electric eel shoots out a bolt of lightning at you!
The bolt of electricity hits the electric eel.
The electric eel completely resists.
The bolt of electricity hits you. You resist.
* * * LOW HITPOINT WARNING * * *
You take 8 damage, and have 7/51 hp.
Okay, then.
The electric eel shoots out a bolt of lightning at you!
The bolt of electricity hits you. You resist.
* * * LOW HITPOINT WARNING * * *
The electric eel shoots out a bolt of lightning at you!
The bolt of electricity hits the electric eel.
The electric eel completely resists.
The bolt of electricity misses you.
You take 3 damage, and have 4/51 hp.
The electric eel shoots out a bolt of lightning at you!
The bolt of electricity hits you. You resist.
* * * LOW HITPOINT WARNING * * *
You take 3 damage, and have 1/51 hp.
The electric eel shoots out a bolt of lightning at you!
The bolt of electricity hits you. You resist.
You die...

....#####...#
#...............#
...........<...##
###...............#
.................#
♣♣♣♣♣♣...............#
≈≈♣P≈≈P..............# #
≈≈≈≈≈≈P♣..............## .#
≈≈P≈P≈≈♣#...#.@......#.##.#
≈≈≈≈≈≈≈≈♣..<........###...##
≈≈P≈≈≈≈≈≈P.#......#..#..#..##
≈≈≈≈P≈.≈≈S.......###...###..#
.(.S...≈.......#..#..#..#[.#.#
..............###...###...####
........≈≈≈♣...#..#..#..#..#.#
≈.≈≈≈≈≈≈≈♣≈≈#....###...###...#
≈≈PP≈≈≈≈♣≈###..#..#..#..#..#.#


You could see an electric eel.

Vanquished Creatures
  A necrophage (D:5)
  A lemure (D:5)
  3 scorpions
  A hound (D:4)
  2 bullfrog zombies
  A gnoll shaman (D:4)
  2 iguanas
  Terence (D:3)
  A bullfrog skeleton (D:5)
  An orc wizard (D:5)
  2 hound skeletons
  5 gnolls (D:5)
  3 adders (D:5)
  A white imp (D:5)
  4 worms
  A dart slug (D:3)
  6 orcs
  3 bats
  6 endoplasms
  4 giant cockroaches
  7 goblins
  7 hobgoblins
  4 quokkas
  A ball python (D:3)
  2 frilled lizards
  4 kobolds
  A rat (D:3)
75 creatures vanquished.

Vanquished Creatures (collateral kills)
  A dart slug (D:2)
  A giant cockroach (D:2)
2 creatures vanquished.

Vanquished Creatures (others)
  An adder (D:2)
1 creature vanquished.

Grand Total: 78 creatures vanquished

Notes
Turn   | Place    | Note
-------+----------+-------------------------------------------
     0 | D:1      | jasper the Demonspawn Artificer began the quest for the
                  | Orb.
     0 | D:1      | Reached XP level 1. HP: 15/15 MP: 1/1
   138 | D:1      | Reached skill level 1 in Dodging
   769 | D:1      | Gained mutation: A meltable shield of frost defends you.
                  | (SH +4) [demonic ancestry]
   769 | D:1      | Reached XP level 2. HP: 18/21 MP: 2/2
  2187 | D:2      | Gained mutation: You regenerate a little health from kills.
                  | [demonic ancestry]
  2187 | D:2      | Reached XP level 3. HP: 27/27 MP: 3/3
  2901 | D:3      | Found a runed translucent door.
  2902 | D:3      | Noticed Crazy Yiuf
  3403 | D:3      | Noticed Terence
  3421 | D:3      | Killed Terence
  3422 | D:3      | Discovered your monstrous ancestry.
  3422 | D:3      | Gained mutation: You have a pair of small horns on your
                  | head. [demonic ancestry]
  3422 | D:3      | Reached XP level 4. HP: 14/34 MP: 4/4
  3735 | D:3      | Reached skill level 1 in Long Blades
  4229 | D:4      | Found a staircase to the Ecumenical Temple.
  4241 | Temple   | Entered the Ecumenical Temple
  4258 | Temple   | Became a worshipper of Warmaster Okawaru
  4339 | D:4      | Reached skill level 1 in Invocations
  4706 | D:4      | Gained mutation: You regenerate health from kills. [demonic
                  | ancestry]
  4706 | D:4      | Reached XP level 5. HP: 30/39 MP: 6/6
  5047 | D:5      | Entered Level 5 of the Dungeon
  5331 | D:5      | Reached skill level 2 in Long Blades
  6008 | D:4      | Reached skill level 3 in Long Blades
  6008 | D:4      | Reached XP level 6. HP: 30/46 MP: 8/8
  6166 | D:5      | Reached skill level 4 in Long Blades
  7095 | D:5      | Reached * piety under Okawaru
  7154 | D:5      | Learned a level 3 spell: Vampiric Draining
  7176 | D:5      | Gained mutation: You regenerate a lot of health from kills.
                  | [demonic ancestry]
  7176 | D:5      | Reached XP level 7. HP: 51/51 MP: 9/9
  7479 | D:5      | Found a runed translucent door.
  7484 | D:5      | Noticed jasper's ghost (amateur DsAr)
  7521 | D:5      | Found an ancient bone altar of Kikubaaqudgha.
  7521 | D:5      | Found a shimmering blue altar of Sif Muna.
  7537 | D:5      | Reached skill level 5 in Long Blades
  7537 | D:5      | Found a radiant altar of Vehumet.
  7837 | D:5      | Found a runed translucent door.
  7948 | D:5      | Noticed Pikel
  8348 | D:6      | HP: 1/51 [electric eel/bolt of electricity (3)]
  8352 | D:6      | Killed from afar by an electric eel

Illustrated notes

Levels and vault maps discovered:
D:1:      dpeg_arrival_tiny_f, layout_loops_ring
D:2:      minmay_spotlight, layout_basic
D:3:      layout_basic, gup_sewer_entry_bowl, glass_columns_a,
          grunt_ministairs_13, amcnicky_mini_rare_corridor_liquid,
          uniq_crazy_yiuf_cottage, uniq_terence
D:4:      layout_layer_cave, minmay_temple_entry_trees
D:5:      layout_basic, grunt_temple_overflow_magic_moments,
          ebering_ghost_sewer_f, st_stairs_12, uniq_pikel
D:6:      layout_rooms, gammafunk_ghost_grave, kennysheep_doodads,
          serial_bayou_ford_a, st_stairs_13, hangedman_decor_growths
Temple:   dshaligram_water_room_temple

Skill      XL: |  1  2  3  4  5  6  7 |
---------------+----------------------+-----
Dodging        | 1 2 |  2.1
Armour         | 2 |  2.7
Fighting       | 2 |  2.4
Long Blades    | 1 3 4 5 |  5.8
Invocations    | 1 3 |  3.0
Stealth        | |  0.8
Evocations     | |  3.0

Action                   |  1- 3 |  4- 6 |  7- 9 || total
-------------------------+-------+-------+-------++-------
Melee: Club              |    68 |       |       ||    68
       Whip              |    22 |       |       ||    22
       Rapier            |    52 |   182 |    77 ||   311
       Headbutt          |       |    33 |    14 ||    47
Throw: Stone             |    99 |    12 |     5 ||   116
       Javelin           |       |     9 |     6 ||    15
       Boomerang         |       |     2 |       ||     2
Evoke: Wand              |    16 |       |       ||    16
       Piece from Xom's  |       |     7 |     1 ||     8
  Use: Scroll            |     2 |     5 |     1 ||     8
       Potion            |       |     3 |     2 ||     5
 Stab: Sleeping          |     1 |     1 |       ||     2
       Paralysed         |       |     3 |       ||     3
Armor: Leather armour    |    37 |       |       ||    37
       Ring mail         |       |    34 |    13 ||    47
Dodge: Dodged            |    63 |    74 |    18 ||   155
Block: Other             |    43 |    66 |    31 ||   140
       Reflection        |     1 |     1 |       ||     2

Table legend: (Time is in decaauts)
 A = Elapsed time spent in this place.
 B = Non-inter-level travel time spent in this place.
 C = Inter-level travel time spent in this place.
 D = Time resting spent in this place.
 E = Time spent auto-exploring this place.
 F = Levels seen in this place.
 G = Mean time per level.
                   A        B        C        D        E       F      G
               +--------+--------+--------+--------+--------+-----+--------+
         Total |   8455 |   8089 |    366 |   2363 |   4372 |   7 | 1207.9 |
       Dungeon |   8424 |   8058 |    366 |   2363 |   4362 |   6 | 1404.0 |
        Temple |     30 |     30 |      0 |      0 |     10 |   1 |   30.0 |
               +--------+--------+--------+--------+--------+-----+--------+

Top non-repeatable levels by time:
     D:5: 2234 daAuts
     D:4: 2011 daAuts
     D:2: 1418 daAuts
     D:1: 1338 daAuts
     D:3: 1214 daAuts
     D:6: 207 daAuts
  Temple: 30 daAuts
